cohdb
Replays
Latest Replays
All Replays
Popular Replays
Top Player Replays
Match Explorer
How It Works
Community
CoH3 Stats
Reddit
Sign in to upload your games and track your stats! →
Sign in with Steam
Match 39092567
Unlisted
Match 39092567
Overview
Messages
Build Orders
End
Construct Barracks
Construct Barracks
Selects Airborne Battlegroup
Selects Heavy Machine Gun Paradrop
Heavy Machine Gun Paradrop
Riflemen Squad
Riflemen Squad
Mechanized Support Center
Selects Paratrooper Squad Paradrop
Paratrooper Squad Paradrop
Riflemen Squad
Construct Weapon Support Center
Selects Smoke Bombing Run
Construct Tank Depot
Selects Anti-tank Gun Team Paradrop
Anti-tank Gun Team Paradrop
Smoke Bombing Run
M4A1 Sherman Medium Tank
Selects Paradrop Reinforcements
VRomano
Flamenguista51
MENGO456
nowplus
✠Baron Von Dorf✠ (SF9912)
dmvdan
GAZ
vincent
0
0
Comments
sign in to comment!
No comments posted yet!